 Dungeon Crawl Stone Soup version bcrawl-1.12-8-g964540c432 (webtiles) character file.

Game seed: 8345077519291255894

62 MisterOstroum the Sneak (level 3, 0/26 HPs)
             Began as a Vampire Rogue on June 10, 2019.
             Was an Initiate of Ashenzari.
             Succumbed to an adder's poison
             ... on level 3 of the Dungeon.
             The game lasted 00:07:17 (3149 turns).

MisterOstroum the Sneak (Vampire Rogue)             Turns: 3149, Time: 00:07:18

Health: 0/26       AC:  3    Str: 14    XL:     3   Next: 85%
Magic:  4/4        EV: 11    Int: 11    God:    Ashenzari [......]
Gold:   150        SH:  0    Dex: 19    Spells: 2/2 levels left

rFire    . . .     SeeInvis +   a - +2 dagger (curse)
rCold    . . .     Gourm    .   (no shield)
rNeg     + . .     Faith    .   c - +0 robe (curse)
rPois    .         Spirit   .   (no helmet)
rElec    .         Reflect  .   d - +0 cloak (curse)
rCorr    .         Harm     .   (no gloves)
MR       .....                  (no boots)
Stlth    +++++.....             (no amulet)
HPRegen  0.08/turn              q - +4 ring of dexterity (curse)
MPRegen  0.09/turn              (no ring)

@: lethally poisoned (0 -> -4), berserk cooldown, flying, slowed, very slow
A: claws 1, fangs 3, see invisible, unbreathing
a: Curse Item, Renounce Religion


You were on level 3 of the Dungeon.
You worshipped Ashenzari.
Ashenzari was noncommittal.
You were not thirsty.

You visited 1 branch of the dungeon, and saw 3 of its levels.

You collected 150 gold pieces.

Inventory:

Hand Weapons
 a - a cursed +2 dagger (weapon)
 b - a +0 blowgun
Missiles
 h - 75 poisoned needles
 l - 317 stones (quivered)
Armour
 c - a cursed +0 robe (worn)
 d - a cursed +0 cloak (worn)
Jewellery
 q - a cursed +4 ring of dexterity (left claw)
Wands
 f - a wand of flame (15)
 g - a wand of enslavement (15)
Scrolls
 i - 2 scrolls of remove curse {unknown}
 j - 2 scrolls of fog {unknown}
 k - a scroll of fear {unknown}
 m - 3 scrolls of identify {unknown}
 o - a scroll of blinking {unknown}
 p - a scroll of immolation {unknown}
 r - 2 scrolls of teleportation {unknown}
Potions
 e - 10 potions of blood


   Skills:
 + Level 1.4 Fighting
 + Level 3.2 Short Blades
 - Level 1.5 Throwing
 + Level 7.1 Stealth
 + Level 2.6 Evocations


You had 2 spell levels left.
You didn't know any spells.
Your spell library was empty.

Dungeon Overview and Level Annotations

Branches:
Dungeon (3/12)

Altars:
Ashenzari


Innate Abilities, Weirdness & Mutations

You have sharp fingernails.
You have razor-sharp teeth.
You have supernaturally acute eyesight. (SInv)
You can survive without breathing.


Message History

You stick the orc like a pincushion!!!
You kill the orc!
You see here a +0 dagger.
The helpless worm fails to defend itself.
You stick the worm like a pincushion!!!
You kill the worm!
No target in view!
You see here a worm corpse.
Found a ration.
A hobgoblin comes into view.
You see here 9 gold pieces.
A hobgoblin is nearby!
A hobgoblin is nearby!
The hobgoblin shouts!
No target in view!
No target in view!
No target in view!
A hobgoblin comes into view. It is wielding a +0 club.
The hobgoblin hits you.
You closely miss the hobgoblin. The hobgoblin hits you.
You hit the hobgoblin.
The hobgoblin is lightly wounded.
The hobgoblin hits you.
You closely miss the hobgoblin.
The hobgoblin is lightly wounded.
You hear an angry hiss.
The hobgoblin closely misses you.
You hit the hobgoblin. You bite the hobgoblin.
The hobgoblin is severely wounded.
You hit the hobgoblin but do no damage.
The hobgoblin is severely wounded.
The hobgoblin hits you but does no damage.
You hit the hobgoblin.
You kill the hobgoblin!
You hear an angry hiss.
An adder comes into view.
You hit the adder. Your bite misses the adder.
The adder is moderately wounded.
The adder bites you. The adder bites you but does no damage.
You are too injured to fight recklessly!
An adder is nearby!
You are too injured to fight recklessly!
You are too injured to fight recklessly!
The adder bites you.
Okay, then.
It was a potion of flight.
You feel very buoyant.
You fly up into the air.
The adder bites you.
* * * LOW HITPOINT WARNING * * *
You are poisoned.
The adder poisons you!
It was a potion of berserk rage.
A red film seems to cover your vision as you go berserk!
You feel yourself moving faster!
You feel mighty!
You feel sick. The adder bites you.
* * * LOW HITPOINT WARNING * * *
You are more poisoned.
The adder poisons you!
You closely miss the adder. Your bite misses the adder.
The adder is moderately wounded.
* * * LOW HITPOINT WARNING * * *
You feel sick. The adder bites you but does no damage.
You puncture the adder!
The adder is almost dead.
The adder barely misses you.
You closely miss the adder.
The adder is almost dead.
The adder bites you but does no damage.
You hit the adder.
You kill the adder!
* * * LOW HITPOINT WARNING * * *
You feel sick.
You see here an adder corpse.
You are too berserk!
You are too berserk!
You feel a strong urge to attack something.
* * * LOW HITPOINT WARNING * * *
You feel sick.
You now have 150 gold pieces (gained 9).
You are no longer berserk.
You are exhausted.
You feel yourself slow down.
You see here an adder corpse.
You bottle the corpse's blood.
* * * LOW HITPOINT WARNING * * *
You feel sick.
Things that are here:
a potion of blood; an adder skeleton Unknown command.
There's nothing here to drain!
Unknown command.
* * * LOW HITPOINT WARNING * * *
You feel sick.
There is a lethal amount of poison in your body!
* * * LOW HITPOINT WARNING * * *
You feel sick.
Things that are here:
a potion of blood; an adder skeleton
Okay, then.
You die...

#......#
#.###.## #.#
#^# #.# #.#
#######.###.#
..........#..
#######!#.###
#....# #@#..#
#..#..#
...%#....
#..#######.#
#.. .# #.. .
#. # #.


There were no monsters in sight!

Vanquished Creatures
  An adder (D:3)
  3 worms
  A dart slug (D:2)
  2 leopard geckos
  2 orcs (D:3)
  A giant cockroach (D:2)
  4 goblins
  6 hobgoblins
  2 quokkas
  A ball python (D:2)
  3 bats (D:1)
  3 frilled lizards
  6 kobolds
  2 rats (D:2)
37 creatures vanquished.

Notes
Turn   | Place    | Note
-------+----------+-------------------------------------------
     0 | D:1      | MisterOstroum the Vampire Rogue began the quest for the
                  | Orb.
     0 | D:1      | Reached XP level 1. HP: 13/13 MP: 2/2
   900 | D:1      | Reached XP level 2. HP: 20/20 MP: 3/3
  2523 | D:2      | Reached skill level 1 in Fighting
  2661 | D:2      | Reached XP level 3. HP: 26/26 MP: 4/4
  2727 | D:2      | Found a shattered altar of Ashenzari.
  2737 | D:2      | Became a worshipper of Ashenzari the Shackled
  3080 | D:3      | Reached skill level 7 in Stealth
  3147 | D:3      | HP: 1/26 [poisoned by an adder]
  3149 | D:3      | Succumbed to an adder's poison

Skill      XL: |  1  2  3 |
---------------+----------+-----
Fighting       | 1 |  1.4
Short Blades   | 3 |  3.2
Stealth        | 7 |  7.1
Throwing       | |  1.5
Evocations     | |  2.6

Action                   || total
-------------------------++-------
Melee: Dagger            ||    95
       Bite              ||     7
 Fire: Blowgun           ||     5
Throw: Stone             ||     6
Invok: Curse Item        ||     4
  Use: Potion            ||     8
 Stab: Sleeping          ||    16
  Eat: Corpse            ||     1
Armor: Robe              ||    24
Dodge: Dodged            ||    25
